 Dungeon Crawl Stone Soup version 0.26.0-5-gb5863c6483 (webtiles) character file.

Game seed: 11535321222341679536

155 Alakolaz the Covered (level 5, 0/33 HPs)
             Began as a Gargoyle Fighter on Jan 10, 2021.
             Was a Follower of Zin.
             Killed by divine providence
             ... invoked by an orc priest
              (8 damage)
             ... on level 3 of the Dungeon.
             The game lasted 00:15:21 (2515 turns).

Alakolaz the Covered (Gargoyle Fighter)             Turns: 2515, Time: 00:15:21

Health: 0/33       AC: 13    Str: 20    XL:     5   Next: 37%
Magic:  5/5        EV:  5    Int:  9    God:    Zin [*.....]
Gold:   144        SH:  9    Dex:  9    Spells: 4/4 levels left

rFire    . . .     SeeInvis .   s - +0 morningstar
rCold    . . .     Faith    .   c - +0 kite shield
rNeg     + . .     Spirit   .   t - +0 chain mail
rPois    ∞         Reflect  .   (no helmet)
rElec    +         Harm     .   (no cloak)
rCorr    +         Rampage  .   (no gloves)
Will     .....                  (no boots)
Stlth    ..........             (no amulet)
HPRegen  0.11/turn              q - ring of resist corrosion
MPRegen  0.09/turn              (no ring)

@: no status effects
A: negative energy resistance 1, electricity resistance, unbreathing,
petrification resistance, miasma immunity, AC +4
a: Renounce Religion, Recite, Donate Gold


You were on level 3 of the Dungeon.
You worshipped Zin.
Zin was aware of your devotion.
You visited 1 branch of the dungeon, and saw 3 of its levels.

You collected 159 gold pieces.
You donated 15 gold pieces to Zin.

Inventory:

Hand Weapons
 s - a +0 morningstar (weapon)
Armour
 c - a +0 kite shield (worn)
 t - a +0 chain mail (worn)
Jewellery
 p - an uncursed ring of ice
 q - a ring of resist corrosion (left hand)
Scrolls
 f - 2 scrolls of amnesia {unknown}
 h - a scroll of remove curse {unknown}
 i - a scroll of noise {unknown}
 j - a scroll of identify {unknown}
 k - a scroll of enchant armour {unknown}
 m - a scroll of teleportation {unknown}
 r - a scroll of magic mapping {unknown}
Potions
 d - 2 potions of might
 g - a potion of flight {unknown}
 l - a potion of haste {unknown}
 n - a potion of ambrosia {unknown}
 o - a potion of cancellation {unknown}


   Skills:
 + Level 4.1 Fighting
 + Level 3.2 Maces & Flails
 + Level 4.3 Armour
 - Level 0.2 Dodging
 + Level 4.2 Shields


You had 4 spell levels left.
You didn't know any spells.
Your spell library was empty.

Dungeon Overview and Level Annotations

Branches:
Dungeon (3/15)

Altars:
Sif Muna
Zin


Innate Abilities, Weirdness & Mutations

You are resistant to torment.
Your stone body is resilient. (AC +4)
You are immune to poison.
You resist negative energy. (rN+)
You are resistant to electric shocks. (rElec)
You can survive without breathing.
You are immune to petrification.
You are immune to miasma.


Message History

You hit the orc priest but do no damage.
The orc priest is heavily wounded.
The orc priest looks braver for a moment.
The orc priest hits you but does no damage.
You closely miss the orc priest.
The orc priest is heavily wounded.
The orc priest calls down the wrath of Beogh upon you.
Pain shoots through your body!
* * * LOW HITPOINT WARNING * * *
You barely miss the orc priest.
The orc priest is heavily wounded.
The orc priest hits you but does no damage.
You barely miss the orc priest.
The orc priest is heavily wounded.
The orc priest hits you but does no damage.
You barely miss the orc priest.
The orc priest is heavily wounded.
The orc priest calls down the wrath of Beogh upon you.
Beogh smites you!
You die...

##### ############...#
##.........##...#########
##.........##...##......##
##...........>..@oo.......
##..........#.####........
##.............# #........
##......(..†...#########..
##.........#..............
....<...####.#.###....###
####.#######.#.###....#
.............#.#.'....+
####.#########.#.#....#


You could see an orc priest and an orc.

Vanquished Creatures
  A worker ant (D:2)
  7 adders
  A dart slug (D:1)
  2 leopard geckos (D:2)
  4 orcs (D:3)
  3 ball pythons
  6 bats
  A giant cockroach (D:1)
  5 goblins
  10 hobgoblins
  2 quokkas (D:2)
  3 frilled lizards
  9 kobolds
  8 rats
62 creatures vanquished.

Notes
Turn   | Place    | Note
-------+----------+-------------------------------------------
     0 | D:1      | Alakolaz the Gargoyle Fighter began the quest for the Orb.
     0 | D:1      | Reached XP level 1. HP: 14/14 MP: 1/1
   367 | D:1      | Reached XP level 2. HP: 19/19 MP: 2/2
   835 | D:1      | Reached XP level 3. HP: 23/23 MP: 3/3
  1179 | D:2      | Found a faded altar of an unknown god.
  1367 | D:2      | Reached XP level 4. HP: 24/29 MP: 4/4
  1768 | D:2      | Reached XP level 5. HP: 33/33 MP: 5/5
  1892 | D:2      | Found a glowing silver altar of Zin.
  1895 | D:2      | Became a worshipper of Zin the Law-Giver
  1895 | D:2      | Reached * piety under Zin
  2024 | D:2      | Found a shimmering blue altar of Sif Muna.
  2515 | D:3      | Killed from afar by an orc priest

Illustrated notes

Levels and vault maps discovered:
D:1:      lightli_arrival_quake, layout_loops_ring
D:2:      layout_loops_ring, lemuel_doored_altar, zin_statuary,
          chequers_ecumenical_altar_simple
D:3:      mumra_celtic_spiral_tile, layout_basic, guppyfry_early_orc_mine,
          uniq_sigmund

Skill      XL: |  1  2  3  4 |
---------------+-------------+-----
Armour         | 4 |  4.3
Shields        | 4 |  4.2
Maces & Flails | 3 |  3.2
Fighting       | 4 |  4.1
Dodging        | |  0.2

Action                   |  1- 3 |  4- 6 || total
-------------------------+-------+-------++-------
Melee: Flail             |   153 |   128 ||   281
       Morningstar       |       |    44 ||    44
Armor: Scale mail        |    97 |    90 ||   187
       Chain mail        |       |    39 ||    39
Dodge: Dodged            |    49 |    34 ||    83
Block: Kite shield       |   102 |    91 ||   193
